 Dungeon Crawl Stone Soup version 0.21.1-1-g345015f (webtiles) character file.

71255 Hasart the Thaumaturge (level 14, -4/68 HPs)
             Began as a Deep Elf Wizard on Apr 8, 2018.
             Was a High Priest of Sif Muna.
             Slain by a swamp worm (21 damage)
             ... on level 2 of the Swamp on Apr 10, 2018.
             The game lasted 01:41:55 (33793 turns).

Hasart the Thaumaturge (Deep Elf Wizard)           Turns: 33793, Time: 01:41:56

Health: -4/68      AC: 12    Str:  7    XL:     14   Next: 97%
Magic:  13/34      EV: 15    Int: 29    God:    Sif Muna [*****.]
Gold:   525        SH:  0    Dex: 16    Spells: 13/42 levels left

rFire    + . .     SeeInvis +   Q - +6 hand axe of the Poles {drain, rPois Dex+3}
rCold    x . .     Gourm    .   (no shield)
rNeg     . . .     Faith    +   B - +0 troll leather armour
rPois    +         Spirit   .   v - +0 helmet
rElec    .         Reflect  .   q - +0 cloak {+Inv}
rCorr    .         Harm     .   H - +2 pair of gloves {Str+3}
MR       +....                  Y - +2 pair of boots
Stlth    ++........             K - amulet of faith
HPRegen  0.61/turn              y - ring of fire
MPRegen  0.24/turn              A - ring of see invisible

@: no status effects
A: no striking features
a: Divine Energy, Channel Magic, Forget Spell, Renounce Religion, Evoke
Invisibility


You were on level 2 of the Swamp.
You worshipped Sif Muna.
Sif Muna was extremely pleased with you.
You were very hungry.

You visited 4 branches of the dungeon, and saw 23 of its levels.

You collected 1369 gold pieces.
You spent 844 gold pieces at shops.

Inventory:

Hand Weapons
 g - the +1 hand axe "Releli" {holy, rElec rPois Str-4}
   (You took it off a tengu conjurer on level 10 of the Dungeon)

   It has been blessed by the Shining One to cause great damage to the undead
   and demons.
   It affects your strength (-4).
   It insulates you from electricity.
   It protects you from poison.
 F - the +6 Majin-Bo {vamp, Archmagi MP+6 Int+6}
   (You took it off an efreet on level 13 of the Dungeon)

   It inflicts no extra harm, but heals its wielder when it wounds a living foe.
   It affects your intelligence (+6).
   It affects your magic capacity (+6).
 Q - the +6 hand axe of the Poles (weapon) {drain, rPois Dex+3}
   (You bought it in a shop on level 10 of the Dungeon)

   A truly terrible weapon, it drains the life of those it strikes.
   It affects your dexterity (+3).
   It protects you from poison.
Armour
 q - a +0 cloak of invisibility (worn)
 v - a +0 helmet (worn)
 w - a +0 buckler
 B - a +0 troll leather armour (worn)
 H - a +2 pair of gloves of strength (worn)
 Y - a +2 pair of boots (worn)
Jewellery
 f - an uncursed ring of poison resistance
 s - an uncursed ring of ice
 y - a ring of fire (left hand)
 A - a ring of see invisible (right hand)
 K - an amulet of faith (around neck)
 L - an uncursed ring of wizardry {unknown}
Wands
 O - a wand of digging (38)
 T - a wand of iceblast (16)
 U - a wand of enslavement (17)
 X - a wand of acid (5)
Scrolls
 e - 4 scrolls of identify
 h - 9 scrolls of enchant weapon
 i - 7 scrolls of remove curse
 l - 7 scrolls of immolation
 t - 5 scrolls of enchant armour
 z - 3 scrolls of blinking
 C - 4 scrolls of fog
 E - 4 scrolls of teleportation
 G - 4 scrolls of magic mapping
 J - a scroll of amnesia
 M - 3 scrolls of brand weapon
 R - a scroll of fear
Potions
 c - 3 potions of degeneration {unknown}
 j - 2 potions of might
 k - 5 potions of brilliance
 n - 6 potions of curing
 o - 2 potions of invisibility {unknown}
 p - 3 potions of ambrosia
 u - 4 potions of agility
 x - 5 potions of mutation {unknown}
 D - 5 potions of flight {unknown}
 I - 2 potions of lignification {unknown}
 N - 2 potions of heal wounds
 S - 2 potions of berserk rage {unknown}
 V - a potion of cancellation
 W - 4 potions of magic {unknown}
Books
 a - a book of Debilitation

   Spells                             Type                      Level
   a - Corona                         Hexes                        1
   b - Slow                           Hexes                        2
   c - Inner Flame                    Hexes/Fire                   3
   d - Portal Projectile              Hexes/Translocation          3
   e - Cause Fear                     Hexes                        4
   f - Leda's Liquefaction            Hexes/Earth                  4
 b - a book of Alchemy

   Spells                             Type                      Level
   a - Sublimation of Blood           Necromancy                   2
   b - Ignite Poison                  Fire/Transmutation/Poison    3
   c - Petrify                        Transmutation/Earth          4
   d - Alistair's Intoxication        Transmutation/Poison         5
   e - Irradiate                      Conjuration/Transmutation    5
 m - a book of Frost

   Spells                             Type                      Level
   a - Freeze                         Ice                          1
   b - Throw Frost                    Conjuration/Ice              2
   c - Ozocubu's Armour               Charms/Ice                   3
   d - Throw Icicle                   Conjuration/Ice              4
   e - Summon Ice Beast               Ice/Summoning                4
 r - a book of Battle

   Spells                             Type                      Level
   a - Infusion                       Charms                       1
   b - Shroud of Golubria             Charms/Translocation         2
   c - Song of Slaying                Charms                       2
   d - Spectral Weapon                Hexes/Charms                 3
   e - Regeneration                   Charms/Necromancy            3
Comestibles
 d - 22 rations


   Skills:
   Level 4.0 Bows
 - Level 6.0 Dodging
 - Level 2.4 Stealth
 + Level 3.7 Shields
 + Level 14.8 Spellcasting
 - Level 13.1 Conjurations
 - Level 6.2 Charms
 - Level 10.0 Summonings
 - Level 5.1 Necromancy
 - Level 1.1 Translocations
 * Level 13.9 Fire Magic
   Level 4.2 Air Magic
   Level 4.5 Poison Magic
 - Level 9.0 Invocations


You had 13 spell levels left.
You knew the following spells:

 Your Spells              Type           Power        Failure   Level  Hunger
a - Magic Dart            Conj           ####         0%          1    None
b - Blink                 Tloc           N/A          3%          2    None
d - Sticky Flame          Conj/Fire      ########     1%          4    None
e - Fireball              Conj/Fire      ########..   1%          5    None
f - Shadow Creatures      Summ           N/A          9%          6    ###....
q - Ignition              Fire           ########..   58%         8    ######.
w - Regeneration          Chrm/Necr      ######....   1%          3    None


Dungeon Overview and Level Annotations

Branches:
Dungeon (13/15)            Temple (1/1) D:5            Lair (6/6) D:9
  Swamp (3/4) Lair:2        Snake (0/4) Lair:4        Slime (0/5) Lair:5
    Orc (0/2) D:10         Vaults (0/5) D:13

Altars:
Ashenzari
Cheibriados
Dithmenos
Elyvilon
Fedhas
Gozag
Hepliaklqana
Kikubaaqudgha
Makhleb
Nemelex Xobeh
Okawaru
Qazlal
Ru
Sif Muna
Trog
Uskayaw
Vehumet
Wu Jian
Xom
Yredelemnul
Zin
The Shining One

Shops:
D:4 *   D:6 [   D:9 ?   D:10 *   D:12 !:   D:13 *!*

Annotations:
D:7 exclusion: downstairs


Message History

The bog body points at you and mumbles some strange words.
The bolt of cold misses you.
Unknown command.
Casting: Fireball
Confirm with . or Enter, or press ? or * to list all spells.
Aiming: Fireball
Press: ? - help, Shift-Dir - straight line, f/p - bog body
Aim: a bog body (severely damaged)
You feel a surge of power!
The fireball explodes!
The fireball engulfs the bog body.
The bog body resists.
You destroy the bog body!
Sif Muna accepts your kill.
The tree smoulders and burns.
Unknown command.
Unknown command.
You feel less invigorated.
A swamp worm bursts forth from the water.
The swamp worm bites you but does no damage.
The swamp worm bites you!!
You die...

♣♣.≈≈..♣ ♣..≈≈≈.♣
♣.≈≈♣ ♣....>.♣ ♣≈≈≈♣
♣..♣♣♣..♣ ♣...♣ ♣
♣≈≈♣♣ ♣♣..♣ §♣ ♣♣..♣
♣...♣♣♣♣≈.. ♣♣..♣
♣♣≈..♣......
♣...♣♣♣w≈.≈≈..#
♣♣....@.≈≈.≈.#
♣♣.≈≈♣.≈.....#
♣.♣.≈≈≈≈≈....#
♣♣..≈♣≈♣.≈≈..#
♣.≈≈≈.≈§....#
♣....^.†§≈♣..#
♣..♣♣♣≈≈≈♣♣..≈§≈≈≈≈.≈≈
♣..♣♣.≈≈≈♣ ≈§≈..≈≈..§.
♣..♣♣♣§..♣ ♣.≈≈...†≈§♣


You could see a swamp worm.

Vanquished Creatures
  Aizul (Swamp:1)
  Nessos (Lair:4)
  A dire elephant (Lair:5)
  Fannar (Lair:2)
  10 hydras
  A ghost crab (Swamp:1)
  A catoblepas (Lair:5)
  3 two-headed ogres
  A tengu warrior (D:10)
  6 death yaks
  A skeletal warrior (D:13)
  An unseen horror (D:13)
  A swamp dragon (Swamp:1)
  2 ugly things
  An oklob plant (Lair:5)
  A cyclops (D:12)
  2 manticores
  7 black mambas
  17 elephants
  A torpor snail (Lair:3)
  A gargoyle (D:10)
  A centaur skeleton (D:11)
  14 spiny frogs
  A kobold demonologist (D:11)
  7 komodo dragons
  3 rime drakes
  A yaktaur (D:13)
  A tengu conjurer (D:10)
  3 trolls
  A harpy zombie (D:13)
  A queen bee (D:8)
  A hornet (shapeshifter) (D:13)
  2 bog bodies
  3 hornets
  12 hippogriffs
  18 blink frogs
  9 dream sheep
  Sigmund (D:3)
  2 spriggans
  33 yaks
  6 wyverns
  A wraith (D:12)
  2 basilisks (Lair:6)
  3 hungry ghosts
  6 vampire mosquitoes
  5 swamp worms
  The ghost of Redear the Insei, an amateur OpWr (D:3)
  A soldier ant (D:13)
  13 insubstantial wisps
  14 water moccasins
  A hell hound (Lair:6)
  8 porcupines
  5 sky beasts
  An ice beast (D:6)
  A black bear (D:10)
  3 orc warriors
  An eye of draining (D:10)
  2 phantoms
  2 swamp drakes (Swamp:1)
  A necrophage (D:6)
  5 ogres
  6 wolves
  10 crocodiles
  7 centaurs (D:12)
  A big kobold (D:12)
  18 bullfrogs
  3 wyvern zombies
  A wyvern skeleton (D:9)
  3 scorpions
  44 killer bees
  4 wights (D:12)
  6 howler monkeys
  8 crimson imps
  A centaur zombie (D:12)
  4 lava snakes (Lair:6)
  3 jellies
  A quasit (D:10)
  2 bullfrog zombies
  5 hounds
  3 orc priests
  9 orc wizards
  3 bullfrog skeletons
  4 iguanas
  4 hell rats
  6 worker ants
  A hound zombie (D:9)
  2 hound skeletons
  A mummy (D:6)
  A howler monkey zombie (D:6)
  12 adders
  3 gnolls (D:3)
  4 shadow imps
  6 oozes
  An adder zombie (D:6)
  2 adder skeletons
  A dart slug (D:1)
  7 leopard geckos
  30 orcs
  7 giant cockroaches
  9 goblins
  9 hobgoblins
  10 jackals
  7 quokkas
  3 ball pythons
  9 bats
  6 frilled lizards
  A jackal skeleton (D:4)
  19 kobolds
  A leopard gecko zombie (D:6)
  7 rats
  5 bushes
  A fungus (Lair:5)
  A plant (Lair:5)
579 creatures vanquished.

Vanquished Creatures (collateral kills)
  A fire dragon (Lair:6)
  A hydra (Lair:6)
  A dancing weapon (D:13)
  A fire crab (D:13)
  A lindwurm (Lair:6)
  An ugly thing (D:13)
  2 molten gargoyles (Lair:6)
  An efreet (D:13)
  A wyvern (Lair:6)
  3 hell hounds (Lair:6)
  An ice beast (D:7)
  A lava snake (Lair:6)
  4 jackals (D:1)
  A rat (D:1)
20 creatures vanquished.

Vanquished Creatures (others)
  A wizard (D:4)
  An elephant (Lair:5)
  A bullfrog simulacrum (D:13)
  84 fungi
  40 plants
127 creatures vanquished.

Grand Total: 726 creatures vanquished

Notes
Turn   | Place    | Note
-------+----------+-------------------------------------------
     0 | D:1      | Hasart the Deep Elf Wizard began the quest for the Orb.
     0 | D:1      | Reached XP level 1. HP: 10/10 MP: 7/7
   189 | D:1      | Reached XP level 2. HP: 12/15 MP: 4/9
   233 | D:1      | Learned a level 2 spell: Blink
   236 | D:1      | Learned a level 2 spell: Call Imp
   900 | D:2      | Reached XP level 3. HP: 19/19 MP: 8/11
  1241 | D:2      | Learned a level 3 spell: Mephitic Cloud
  1288 | D:2      | Reached skill level 5 in Spellcasting
  1721 | D:2      | Found a burning altar of Makhleb.
  1723 | D:2      | Found a shattered altar of Ashenzari.
  1723 | D:2      | Found an opulent altar of Gozag.
  1725 | D:2      | Found a basalt altar of Yredelemnul.
  1726 | D:2      | Found a bloodstained altar of Trog.
  1728 | D:2      | Found an iron altar of Okawaru.
  1859 | D:3      | Noticed Sigmund
  1873 | D:3      | Killed Sigmund
  1873 | D:3      | Reached skill level 1 in Air Magic
  1873 | D:3      | Reached skill level 1 in Poison Magic
  1873 | D:3      | Reached XP level 4. HP: 24/24 MP: 9/13
  1873 | D:3      | Reached XP level 5. HP: 28/28 MP: 10/15
  2114 | D:3      | Reached XP level 6. HP: 21/32 MP: 3/16
  2400 | D:3      | Noticed Redear's ghost (amateur OpWr)
  2413 | D:3      | Killed Redear's ghost
  2989 | D:3      | Reached skill level 6 in Spellcasting
  2989 | D:3      | Reached skill level 5 in Conjurations
  3429 | D:4      | Reached XP level 7. HP: 36/36 MP: 16/18
  3640 | D:4      | Found a bloodstained altar of Trog.
  3683 | D:4      | Found a stormy altar of Qazlal.
  4463 | D:4      | Found Dabuestre's Assorted Antiques.
  4622 | D:4      | Noticed a wizard
  4625 | D:4      | Killed a wizard
  4769 | D:5      | Entered Level 5 of the Dungeon
  5190 | D:5      | Found a staircase to the Ecumenical Temple.
  5199 | Temple   | Entered the Ecumenical Temple
  5317 | Temple   | Became a worshipper of Sif Muna the Loreminder
  5381 | D:5      | Found a radiant altar of Vehumet.
  6114 | D:6      | Reached XP level 8. HP: 37/40 MP: 4/20
  6345 | D:6      | Reached * piety under Sif Muna
  6345 | D:6      | Reached skill level 7 in Spellcasting
  6413 | D:6      | Found Wepreir's Armour Emporium.
  6449 | D:6      | Found a snail-covered altar of Cheibriados.
  6619 | D:6      | Found a sand-covered staircase.
  6868 | D:6      | Found an ancient bone altar of Kikubaaqudgha.
  7612 | D:7      | Found a shimmering altar of Xom.
  7706 | D:7      | Reached skill level 5 in Summonings
  8272 | D:8      | Reached ** piety under Sif Muna
  8276 | D:8      | Reached skill level 1 in Invocations
  8292 | D:8      | Reached XP level 9. HP: 37/44 MP: 2/22
  8297 | D:8      | Noticed a queen bee
  8502 | D:8      | Reached skill level 8 in Spellcasting
  9337 | D:8      | Killed a queen bee
  9725 | D:8      | Reached skill level 9 in Spellcasting
  9744 | D:8      | Reached *** piety under Sif Muna
 10057 | D:8      | Found a sparkling altar of Nemelex Xobeh.
 10478 | D:8      | Reached skill level 10 in Conjurations
 10497 | D:8      | Reached XP level 10. HP: 18/49 MP: 17/25
 10792 | D:9      | Found Sikun's Magic Scroll Shop.
 10823 | D:9      | Bought a scroll of remove curse for 39 gold pieces
 10823 | D:9      | Bought a scroll of identify for 26 gold pieces
 10823 | D:9      | Bought a scroll of blinking for 97 gold pieces
 10823 | D:9      | Bought a scroll of teleportation for 39 gold pieces
 10823 | D:9      | Bought a scroll of magic mapping for 45 gold pieces
 10985 | D:9      | Found a staircase to the Lair.
 11456 | D:9      | Reached skill level 5 in Invocations
 11665 | D:9      | Learned a level 4 spell: Sticky Flame
 11671 | D:9      | Learned a level 5 spell: Fireball
 11735 | D:9      | Found a burning altar of Makhleb.
 11880 | D:9      | Found a hide-covered altar of Uskayaw.
 11980 | D:9      | Reached skill level 1 in Fire Magic
 12194 | D:10     | Entered Level 10 of the Dungeon
 12208 | D:10     | Noticed a gargoyle
 12334 | D:10     | Noticed a two-headed ogre
 12377 | D:10     | Noticed a tengu warrior
 12387 | D:10     | Killed a tengu warrior
 12387 | D:10     | Reached skill level 10 in Spellcasting
 12540 | Lair:1   | Entered Level 1 of the Lair of Beasts
 12827 | Lair:1   | Noticed a spiny frog
 12832 | Lair:1   | Killed a spiny frog
 12832 | Lair:1   | Reached **** piety under Sif Muna
 13015 | Lair:1   | Reached skill level 5 in Fire Magic
 13205 | Lair:1   | Learned a level 3 spell: Regeneration
 13212 | Lair:1   | Found a bloodstained altar of Trog.
 13840 | Lair:2   | Found a staircase to the Swamp.
 13864 | Lair:2   | Reached skill level 1 in Charms
 13942 | Lair:2   | Noticed Fannar
 13945 | Lair:2   | Killed Fannar
 13945 | Lair:2   | Reached skill level 1 in Necromancy
 13945 | Lair:2   | Reached XP level 11. HP: 53/53 MP: 11/27
 14225 | Lair:2   | Noticed a five-headed hydra
 14230 | Lair:2   | Killed a five-headed hydra
 14230 | Lair:2   | Reached skill level 11 in Spellcasting
 15008 | Lair:3   | Reached ***** piety under Sif Muna
 15130 | Lair:3   | Identified Sif Muna's Tome of Burning Creation (Sif Muna gifted it to you on level 3 of the Lair of Beasts)
 15130 | Lair:3   | Received a gift from Sif Muna
 15135 | Lair:3   | Noticed a six-headed hydra
 15149 | Lair:3   | Killed a six-headed hydra
 15381 | Lair:3   | Noticed an eight-headed hydra
 15390 | Lair:3   | Killed an eight-headed hydra
 15950 | Lair:3   | Reached skill level 5 in Charms
 16522 | Lair:4   | Reached XP level 12. HP: 58/58 MP: 14/29
 17349 | Lair:4   | Found a staircase to the Snake Pit.
 17540 | Lair:4   | Noticed a death yak
 17542 | Lair:4   | Noticed Nessos
 17542 | Lair:4   | Noticed a death yak
 17544 | Lair:4   | Noticed a death yak
 17545 | Lair:4   | Killed Nessos
 17545 | Lair:4   | Reached skill level 12 in Spellcasting
 17545 | Lair:4   | Reached skill level 5 in Necromancy
 17719 | Lair:3   | Identified a scroll of acquirement
 17901 | Lair:4   | Received a gift from Sif Muna
 18187 | Lair:4   | Killed a death yak
 18317 | Lair:4   | Killed a death yak
 18505 | Lair:4   | Killed a death yak
 18633 | Lair:5   | Noticed a catoblepas
 18864 | Lair:5   | Noticed a seven-headed hydra
 18865 | Lair:5   | Noticed a five-headed hydra
 18934 | Lair:5   | Killed a seven-headed hydra
 19143 | Lair:5   | Found a staircase to the Slime Pits.
 19400 | Lair:5   | Reached skill level 10 in Fire Magic
 19780 | Lair:5   | Killed a catoblepas
 19780 | Lair:5   | Reached XP level 13. HP: 59/62 MP: 10/31
 20194 | Lair:5   | Received a gift from Sif Muna
 20536 | Lair:5   | Reached skill level 1 in Bows
 20812 | Lair:5   | Noticed a dire elephant
 20817 | Lair:5   | Killed a dire elephant
 20817 | Lair:5   | Reached skill level 13 in Spellcasting
 22053 | Lair:6   | Entered Level 6 of the Lair of Beasts
 22648 | Lair:6   | Identified Sif Muna's Collected Works on Confrontation (Sif Muna gifted it to you on level 6 of the Lair of Beasts)
 22648 | Lair:6   | Received a gift from Sif Muna
 23185 | Lair:5   | Learned a level 6 spell: Shadow Creatures
 23819 | Lair:6   | Reached skill level 5 in Dodging
 24287 | Lair:6   | Noticed a fire dragon
 24288 | Lair:6   | Found a large runed door.
 24480 | Lair:6   | Reached XP level 14. HP: 67/67 MP: 8/33
 25132 | Lair:6   | Found the ancient robe
 25133 | Lair:6   | Found a large runed door.
 25807 | D:10     | Found Zyffith's Antique Artefacts.
 25815 | D:10     | Bought a scorched hand axe for 184 gold pieces
 25815 | D:10     | Bought a flickering lead ring for 115 gold pieces
 25815 | D:10     | Bought a warped spear for 184 gold pieces
 25815 | D:10     | Identified the +10 spear of Perversion {antimagic, *Corrode rPois Dex+5} (You bought it in a shop on level 10 of the Dungeon)
 25816 | D:10     | Identified the +6 hand axe of the Poles {drain, rPois Dex+3} (You bought it in a shop on level 10 of the Dungeon)
 25817 | D:10     | Identified the ring "Goaminut" {*Tele rPois Str-5 Dex+2 Slay+4} (You bought it in a shop on level 10 of the Dungeon)
 25944 | D:10     | Identified the cursed +1 ring mail of Classification {SInv Stlth+} (You found it on level 10 of the Dungeon)
 26210 | D:10     | Received a gift from Sif Muna
 26223 | D:10     | Learned a level 8 spell: Ignition
 26477 | D:10     | Found a staircase to the Orcish Mines.
 26563 | D:10     | Reached skill level 10 in Summonings
 26653 | D:10     | Identified the +1 hand axe "Releli" {holy, rElec rPois Str-4} (You took it off a tengu conjurer on level 10 of the Dungeon)
 26801 | D:10     | Found the +9 sword of Zonguldrok {reap}
 28683 | D:12     | Found Worikhai's Distillery.
 28692 | D:12     | Reached skill level 1 in Shields
 28709 | D:12     | Reached skill level 14 in Spellcasting
 28902 | D:12     | Bought a potion of heal wounds for 65 gold pieces
 29663 | D:12     | Found Vacsoi's Book Emporium.
 30006 | D:13     | Found Yray's Distillery.
 30029 | D:13     | Found Sukew's Assorted Antiques.
 30609 | D:13     | Found Aplooqol's Assorted Antiques.
 30620 | D:13     | Bought a dark potion for 25 gold pieces
 30620 | D:13     | Bought a fuming white potion for 25 gold pieces
 31001 | D:13     | Found a gate to the Vaults.
 31276 | D:13     | Found a shadowy altar of Dithmenos.
 31824 | Lair:6   | Received a gift from Sif Muna
 31896 | Lair:6   | Identified the cursed -5 robe of Misfortune {-Cast *Contam *Tele *Drain EV-5 Stlth-- *Curse} (You found it on level 6 of the Lair of Beasts)
 32080 | Swamp:1  | Entered Level 1 of the Swamp
 32144 | Swamp:1  | Noticed Aizul
 32150 | Swamp:1  | Killed Aizul
 33333 | Swamp:2  | You fall through a shaft!
 33793 | Swamp:2  | Slain by a swamp worm

Skill      XL: |  1  2  3  4  5  6  7  8  9 10 11 12 13 14 |
---------------+-------------------------------------------+-----
Conjurations   | 2 4 5 6 7 10 11 12 13 | 13.1
Spellcasting   | 5 6 7 9 10 11 12 13 14 | 14.8
Summonings     | 2 3 4 5 7 9 10 | 10.0
Air Magic      | 1 2 3 4 |  4.2
Poison Magic   | 1 2 3 4 |  4.5
Invocations    | 1 4 6 7 8 9 |  9.0
Fire Magic     | 5 8 10 11 13 | 13.9
Charms         | 1 5 6 |  6.2
Necromancy     | 1 4 5 |  5.1
Bows           | 3 4 |  4.0
Dodging        | 5 6 |  6.0
Shields        | 3 |  3.7
Stealth        | |  2.4
Translocations | |  1.1

Action                   |  1- 3 |  4- 6 |  7- 9 | 10-12 | 13-15 || total
-------------------------+-------+-------+-------+-------+-------++-------
Melee: Dagger            |    13 |    35 |   119 |    54 |       ||   221
       Hand axe          |       |       |       |       |   154 ||   154
 Fire: Longbow           |       |       |       |       |    77 ||    77
 Cast: Magic Dart        |    88 |    98 |   381 |   135 |   127 ||   829
       Call Imp          |     2 |       |    13 |       |       ||    15
       Mephitic Cloud    |     1 |    11 |    26 |     9 |       ||    47
       Fireball          |       |       |       |   130 |   283 ||   413
       Sticky Flame      |       |       |       |    52 |    54 ||   106
       Blink             |       |       |       |     6 |     1 ||     7
       Shadow Creatures  |       |       |       |       |    28 ||    28
Invok: Channel Magic     |       |       |       |     3 |     5 ||     8
Evoke: Wand              |       |       |       |       |     1 ||     1
  Use: Scroll            |       |       |       |    20 |    11 ||    31
       Potion            |       |       |       |       |     3 ||     3
 Stab: Confused          |     2 |     1 |     5 |     3 |       ||    11
       Sleeping          |       |     1 |     1 |     4 |     2 ||     8
       Distracted        |       |       |       |       |     2 ||     2
  Eat: Chunk             |     3 |     5 |    10 |    23 |    35 ||    76
       Ration            |       |       |     3 |     5 |     5 ||    13
Armor: Robe              |     5 |     8 |    40 |    47 |    48 ||   148
       Troll leather arm |       |       |       |       |    29 ||    29
Dodge: Dodged            |    16 |    37 |   114 |    87 |   229 ||   483
